Map: Deathaura LE

Players

Denver - Winner!

  • Race: Zerg Zerg
  • League: Master
  • Spawn Location: 5:00

ShoWTimE

  • Race: Protoss Protoss
  • Spawn Location: 11:00

Event: DreamHack SC2 Masters 2020 Summer Europe

VOD

Have the link to the VOD?

Description

Time

  • Played on: June 26, 2020, 1:11 p.m.
  • Length: 10:59

All games in this series

Show
View Real Time Build Order
Export as new Build Order

Denver Zerg - Winner!

Build Orders: Hatch First 

Get SALT Encoding   

  12  0:00  Drone  
  13  0:12  Overlord  
  13  0:17  Drone  
  14  0:31  Drone x2  
  16  0:48  Hatchery  
  15  0:51  Drone  
  15  0:55  Drone  
  17  0:58  Drone  
  18  1:09  Extractor  
  17  1:13  Spawning Pool  
  17  1:16  Drone  
  17  1:21  Drone  
  18  1:27  Drone  
  19  1:38  Drone  
  20  1:50  Drone  
  21  2:00  Queen x2  
  25  2:01  Zergling x4  
  27  2:10  Metabolic Boost  
  27  2:12  Overlord  
  27  2:14  Drone  
  28  2:31  Drone x2  
  28  2:36  Hatchery  
  29  2:40  Drone x2  
  31  2:45  Drone  
  31  2:48  Overlord  
  32  2:55  Drone x2  
  34  3:01  Queen  
  36  3:08  Zergling x4  
  36  3:10  Drone x2  
  40  3:13  Drone  
  40  3:16  Overlord  
  40  3:17  Drone  
  42  3:26  Drone  
  43  3:31  Overlord  
  43  3:33  Queen  
  43  3:34  Spore Crawler  
  44  3:36  Drone  
  45  3:42  Drone x2, Overlord  
  47  3:50  Zergling x4  
  47  3:51  Drone x3  
  47  3:54  Drone x2  
  53  3:57  Spore Crawler  
  53  4:00  Drone  
  53  4:03  Drone x2  
  55  4:12  Spore Crawler  
  55  4:14  Drone x5  
  59  4:19  Overlord  
  59  4:23  Drone x4  
  60  4:31  Roach Warren, Drone x2  
  60  4:36  Lair  
  61  4:40  Drone x2, Extractor  
  61  4:41  Extractor  
  61  4:47  Drone x5  
  61  4:50  Overlord  
  66  4:57  Drone x5  
  66  4:59  Overlord  
  71  5:04  Queen  
  70  5:07  Overlord  
  70  5:14  Evolution Chamber, Queen  
  70  5:16  Overlord  
  71  5:22  Drone x8  
  71  5:26  Drone x2  
  77  5:30  Drone x3  
  77  5:31  Drone  
  77  5:35  Extractor  
  80  5:37  Hydralisk Den  
  80  5:39  Drone  
  80  5:40  Zerg Melee Weapons Level 1  
  79  5:44  Drone x5  
  79  5:47  Extractor x2  
  82  5:51  Drone x3  
  82  5:54  Overlord  
  85  6:01  Hatchery  
  83  6:06  Baneling Nest  
  83  6:09  Muscular Augments  
  82  6:12  Drone  
  82  6:13  Hydralisk, Drone  
  82  6:14  Hydralisk  
  82  6:15  Hydralisk  
  90  6:25  Hydralisk x4  
  96  6:29  Overlord  
  96  6:30  Hydralisk x2  
  102  6:36  Drone x4  
  102  6:37  Drone  
  102  6:39  Pneumatized Carapace  
  107  6:46  Hydralisk x3  
  113  6:48  Overlord  
  113  6:50  Overlord  
  113  6:52  Centrifical Hooks  
  113  6:57  Hydralisk x2  
  117  7:01  Hydralisk x2  
  117  7:04  Overlord  
  117  7:07  Hydralisk x2  
  124  7:12  Zergling x8  
  127  7:15  Overlord  
  127  7:20  Hydralisk x3  
  127  7:21  Grooved Spines  
  133  7:23  Zergling x2  
  133  7:24  Zergling x4  
  133  7:30  Zergling x14  
  133  7:33  Overlord  
  133  7:35  Baneling x7  
  133  7:36  Baneling  
  140  7:37  Drone  
  140  7:41  Hydralisk x2  
  145  7:46  Drone x5  
  150  7:53  Zerg Melee Weapons Level 2  
  149  7:59  Zergling x20  
  149  8:04  Overlord  
  159  8:07  Zergling x2  
  159  8:08  Zergling x6  
  159  8:11  Baneling x7  
  163  8:17  Hydralisk x2  
  163  8:19  Overlord  
  167  8:22  Overlord x2  
  167  8:26  Drone x4  
  170  8:35  Hatchery, Hydralisk x3  
  170  8:39  Overlord  
  175  8:42  Overlord  
  175  8:46  Zergling x22  
  184  9:00  Zergling x2  
  184  9:01  Zergling x16  
  187  9:10  Baneling x30  
  187  9:16  Zergling x12  
  193  9:20  Baneling x8  
  186  9:37  Zergling x24  
  188  9:51  Zergling x18  
  186  9:55  Zergling x6  
  177  10:00  Zergling x6  
  177  10:05  Zergling x2  
  161  10:07  Queen  
  161  10:08  Overseer  
  161  10:12  Zergling x12  
  164  10:18  Zergling x8  
  164  10:20  Hydralisk  
  154  10:23  Queen  
  154  10:26  Baneling x12  
  155  10:28  Hydralisk x3  
  155  10:32  Hydralisk  
  155  10:33  Baneling  
  155  10:34  Baneling x20  
  167  10:44  Hatchery  
Show
View Real Time Build Order
Export as new Build Order

ShoWTimE Protoss 

Build Orders: 1 Gate Expand, Oracle Opening, Phoenix Opening, Archon Immortal 

Get SALT Encoding   

  12  0:00  Probe  
  13  0:12  Probe  
  14  0:17  Pylon  
  14  0:23  Probe  
  15  0:32  Probe  
  15  0:37  Gateway  
  15  0:40  Probe  
  16  0:46  Assimilator  
  17  0:51  Probe  
  18  1:03  Probe  
  19  1:15  Probe  
  20  1:23  Nexus  
  20  1:27  Probe  
  21  1:36  Cybernetics Core  
  21  1:42  Assimilator  
  21  1:44  Probe  
  22  1:51  Pylon  
  22  1:57  Probe  
  23  2:03  Adept  
  23  2:09  Probe  
  23  2:14  Stargate  
  26  2:21  Probe  
  26  2:22  Warp Gate  
  27  2:31  Probe x2  
  27  2:32  Adept  
  31  2:40  Probe x2  
  33  2:49  Probe  
  33  2:50  Probe  
  33  2:53  Phoenix  
  37  3:02  Probe x2  
  37  3:03  Pylon  
  39  3:13  Oracle  
  39  3:14  Probe x2  
  39  3:17  Adept  
  46  3:26  Probe x2  
  48  3:28  Gateway  
  48  3:31  Pylon  
  48  3:38  Probe  
  48  3:40  Oracle  
  49  3:41  Assimilator, Probe  
  49  3:44  Assimilator  
  50  3:50  Probe  
  50  3:53  Probe  
  55  3:58  Pylon  
  55  4:02  Probe  
  56  4:05  Probe  
  56  4:07  Robotics Facility  
  57  4:14  Gateway, Probe  
  57  4:16  Pylon  
  58  4:17  Oracle, Probe  
  59  4:26  Probe  
  59  4:30  Adept x2  
  67  4:41  Pylon  
  67  4:46  Nexus  
  67  4:49  Probe x2  
  69  4:56  Observer  
  70  5:01  Probe x2, Pylon  
  70  5:07  Sentry x2  
  72  5:08  Immortal  
  72  5:09  Shield Battery  
  72  5:13  Probe x2  
  78  5:25  Probe  
  78  5:26  Probe  
  77  5:36  Forge  
  77  5:37  Immortal, Twilight Council  
  77  5:38  Sentry x2, Probe x2  
  83  5:44  Zealot  
  89  5:50  Probe x2  
  91  5:58  Probe  
  91  6:01  Assimilator  
  91  6:02  Probe x2  
  91  6:03  Assimilator  
  94  6:07  Gateway, Immortal  
  94  6:09  Protoss Ground Weapons Level 1  
  94  6:10  Probe  
  95  6:12  Charge  
  95  6:14  Probe x2  
  97  6:23  Probe  
  102  6:26  Probe x2  
  104  6:35  Probe  
  104  6:36  Gateway  
  104  6:37  Warp Prism  
  104  6:38  Gateway, Probe  
  104  6:39  Photon Cannon  
  106  6:46  Pylon  
  108  6:49  Gateway  
  108  6:54  Gateway  
  108  6:58  Gateway x2  
  108  6:59  Pylon  
  108  7:06  Photon Cannon  
  108  7:08  Pylon  
  108  7:09  Photon Cannon  
  108  7:10  Photon Cannon  
  108  7:17  Templar Archives  
  108  7:32  Zealot x6  
  108  7:35  Psionic Storm  
  108  7:36  Pylon  
  120  7:40  Immortal  
  120  7:50  Pylon  
  124  7:54  Pylon  
  124  7:56  High Templar x4  
  132  8:03  Nexus  
  132  8:04  High Templar x4  
  140  8:08  Archon x2  
  140  8:09  Protoss Ground Weapons Level 2  
  140  8:11  Shield Battery  
  140  8:12  Probe x3  
  143  8:14  Photon Cannon, Pylon  
  143  8:16  Photon Cannon  
  143  8:26  Probe  
  144  8:37  Probe  
  144  8:38  Probe  
  140  8:41  Shield Battery  
  140  8:43  Zealot x9  
  140  8:44  High Templar  
  140  8:47  Warp Prism  
  160  8:49  Probe  
  160  8:50  Probe x2  
  160  8:53  Assimilator  
  159  8:58  Assimilator  
  159  9:01  Probe  
  142  9:03  High Templar x2  
  142  9:05  Zealot x2  
  142  9:07  Archon  
  150  9:11  Probe  
  150  9:13  Zealot x3  
  157  9:17  High Templar  
  159  9:24  Zealot x2  
  159  9:31  Zealot x2  
  165  9:38  Stalker  
  165  9:40  Zealot x4  
  141  9:53  Zealot x5  
  137  10:02  Zealot x2  
  137  10:03  Zealot x3  
  137  10:04  Probe x2  
  111  10:08  Zealot x3  
  111  10:09  Probe  
  111  10:13  Probe  
  104  10:15  Zealot x2  
  104  10:16  Probe x2, Zealot x3  
  100  10:21  Probe  
  100  10:25  High Templar  
  101  10:32  High Templar x2  
  109  10:36  Archon  
  109  10:38  High Templar x5  
  119  10:43  Gateway  
  119  10:44  Gateway  
Tags
 
Add a new tag
Caveats
  • Supply blocks, unpowered buildings, or Contaminate may cause inaccurate times.
  • Supply counts are checked every 10 seconds.